 Dungeon Crawl Stone Soup version 0.31-a0-344-gd109795599 (webtiles) character file.

Game seed: 11097556018990213662

56 garrulousMonolith the Trooper (level 3, -2/33 HPs)
             Began as a Hill Orc Fighter on July 21, 2023.
             Slain by Ijyb
             ... wielding a +0 club
              (3 damage)
             ... on level 3 of the Dungeon.
             The game lasted 00:01:17 (1443 turns).

garrulousMonolith the Trooper (Hill Orc Fighter)    Turns: 1443, Time: 00:01:18

Health: -2/33      AC:  8    Str: 24    XL:     3   Next: 97%
Magic:  4/4        EV:  6    Int: 10    God:
Gold:   89         SH:  4    Dex: 10    Spells: 2/2 levels left

rFire   . . .        a - +0 war axe
rCold   . . .        c - +0 buckler
rNeg    . . .        b - +0 scale mail
rPois   .            (no helmet)
rElec   .            e - +0 cloak
rCorr   .            (no gloves)
SInv    .            (no boots)
Will    .....        (no amulet) Stlth
                     f - +6 ring of strength
HPRegen 0.25/turn    (no ring)
MPRegen 0.09/turn

%: no passive effects
@: grasped by roots, constricted
A: no striking features
a: no special abilities


You were on level 3 of the Dungeon.
You visited 1 branch of the dungeon, and saw 3 of its levels.

You collected 89 gold pieces.

Inventory:

Hand Weapons
 a - a +0 war axe (weapon)
Armour
 b - a +0 scale mail (worn)
 c - a +0 buckler (worn)
 e - a +0 cloak (worn)
Jewellery
 f - a +6 ring of strength (left hand)
Scrolls
 h - a scroll of poison {unknown}
 k - a scroll of enchant weapon {unknown}
Potions
 d - a potion of might
 g - a potion of degeneration {unknown}
 i - a potion of mutation {unknown}
 j - a potion of heal wounds {unknown}
 l - a potion of curing {unknown}


   Skills:
 + Level 4.1 Fighting
 * Level 3.8 Axes
 + Level 3.7 Armour
 + Level 3.6 Shields
 + Level 1.3 Invocations


You had 2 spell levels left.
You didn't know any spells.
Your spell library was empty.

Dungeon Overview and Level Annotations

Branches:
Dungeon (3/15)

Altars:
Qazlal

Annotations:
D:3 Ijyb, Robin


Message History

No target in view!
No target in view!
No target in view!
No target in view!
No target in view!
No target in view!
No target in view!
No target in view!
No target in view!
Items here: )))) ††††.
A kobold comes into view. It is wielding a +0 dagger.
The kobold shouts!
The kobold hits you but does no damage.
You slash the kobold!
You kill the kobold!
Ijyb the Twisted Goblin comes into view.
She is wielding a +0 club and carrying a wand of roots.
Ijyb shouts!
Things that are here:
a +0 dagger; a kobold corpse You hit Ijyb but do no damage.
Ijyb hits you but does no damage. Ijyb barely misses you.
You closely miss Ijyb. Ijyb hits you with a +0 club.
You closely miss Ijyb. Ijyb hits you with a +0 club.
You completely miss Ijyb.
Ijyb zaps a wand.
The roots erupt in riotous growth!
The grasping roots grab you!
Ijyb is unaffected.
The grasping roots constrict you. You block Ijyb's attack.
The grasping roots constrict you.
You hear an angry hiss.
You barely miss Ijyb. Ijyb hits you but does no damage.
The grasping roots constrict you.
You slash Ijyb!
Ijyb is moderately wounded.
Ijyb completely misses you. The grasping roots constrict you.
* * * LOW HITPOINT WARNING * * *
You barely miss Ijyb.
Ijyb is moderately wounded.
You block Ijyb's attack. The grasping roots constrict you!
* * * LOW HITPOINT WARNING * * *
Ijyb hits you with a +0 club.
You die...

. .. ...# ##
.#...#########..#
...........>.#...
#.....g@.........
#.#..........#.
#......)...#
...#######..## ..
##.##### .
#.....# #.
###...#
#...#####..<#
#.(...)...#


You could see Ijyb.

Vanquished Creatures
  An adder (D:2)
  5 bats
  5 endoplasms
  2 giant cockroaches
  6 goblins
  4 hobgoblins
  A quokka (D:2)
  6 ball pythons
  A frilled lizard (D:2)
  7 kobolds
  7 rats
45 creatures vanquished.

Notes
Turn   | Place    | Note
-------+----------+-------------------------------------------
     0 | D:1      | garrulousMonolith the Hill Orc Fighter began the quest for
                  | the Orb.
     0 | D:1      | Reached XP level 1. HP: 19/19 MP: 1/1
   255 | D:1      | Reached XP level 2. HP: 27/27 MP: 2/2
   622 | D:1      | Found a faded altar of an unknown god.
   780 | D:2      | Reached skill level 1 in Invocations
   862 | D:2      | Reached XP level 3. HP: 30/33 MP: 3/3
   985 | D:2      | Found a stormy altar of Qazlal.
   993 | D:2      | Reached skill level 4 in Fighting
  1396 | D:3      | Noticed Robin
  1433 | D:3      | Noticed Ijyb
  1443 | D:3      | HP: 1/33 [constriction (7)]
  1443 | D:3      | Slain by Ijyb

Illustrated notes

Levels and vault maps discovered:
D:1:      heliophobic_arrival_battle_scene, layout_loops_ring,
          chequers_ecumenical_altar_grove
D:2:      layout_basic, basic_altar
D:3:      layout_rooms, okawaru_trees_1, uniq_robin, uniq_jessica, uniq_ijyb

Skill      XL: |  1  2  3 |
---------------+----------+-----
Axes           | 3 |  3.8
Invocations    | 1 |  1.3
Fighting       | 4 |  4.1
Armour         | |  3.7
Shields        | |  3.6

Action                     || total
---------------------------++-------
  Melee: War axe           ||   125
 Armour: Scale mail        ||    71
  Dodge: Dodged            ||    60
  Block: Buckler           ||    29

Table legend: (Time is in decaauts)
 A = Elapsed time spent in this place.
 B = Non-inter-level travel time spent in this place.
 C = Inter-level travel time spent in this place.
 D = Time resting spent in this place.
 E = Time spent auto-exploring this place.
 F = Levels seen in this place.
 G = Mean time per level.
                   A        B        C        D        E       F      G
               +--------+--------+--------+--------+--------+-----+--------+
         Total |   1485 |   1458 |     27 |     31 |   1107 |   3 |  495.0 |
       Dungeon |   1485 |   1458 |     27 |     31 |   1107 |   3 |  495.0 |
               +--------+--------+--------+--------+--------+-----+--------+

Top non-repeatable levels by time:
     D:1: 775 daAuts
     D:2: 639 daAuts
     D:3: 70 daAuts
